 Dungeon Crawl Stone Soup version 0.28.0-53-g5a82cb258f (webtiles) character file.

Game seed: 15842716065541344626

5385 NamelessAdventurer the Vandal (level 10, -3/75 HPs)
             Began as a Grey Draconian Fighter on June 2, 2022.
             Was an Initiate of Yredelemnul.
             Slain by a green ugly thing (5 damage)
             ... on level 13 of the Dungeon on June 3, 2022.
             The game lasted 00:53:30 (9268 turns).

NamelessAdventurer the Vandal (DrFi)                Turns: 9268, Time: 00:53:30

Health: -3/75      AC:  9    Str: 22    XL:     10   Next: 39%
Magic:  16/16      EV: 13    Int: 16    God:    Yredelemnul [......]
Gold:   458        SH:  6    Dex: 12    Spells: 7/17 levels left

rFire   . . .      SeeInvis +   e - +4 mace "Yruuge" {flame, Will+ Str+3 Int+5}
rCold   . . .      Faith    .   b - +1 buckler
rNeg    . . .      Spirit   .   (armour unavailable)
rPois   +          Reflect  .   (helmet restricted)
rElec   .          Harm     .   l - +0 cloak {rPois}
rCorr   .          Rampage  .   (no gloves)
Will    +....                   (no boots)
Stlth   ++........              (no amulet)
HPRegen 0.22/turn               q - ring of see invisible
MPRegen 0.15/turn               (no ring)

@: brilliant, lethally poisoned (-3 -> -28), corroded, hasted, fire susceptible,
very quick
A: AC +12, amphibious, unfitting armour, cold-blooded, frail 1, mutation
resistance 1
a: Renounce Religion, Recall Undead Harvest


You were on level 13 of the Dungeon.
You worshipped Yredelemnul.
Yredelemnul was noncommittal.
You visited 1 branch of the dungeon, and saw 11 of its levels.

You collected 549 gold pieces.
You spent 91 gold pieces at shops.

Inventory:

Hand Weapons
 e - the +4 mace "Yruuge" (weapon) {flame, Will+ Str+3 Int+5}
   (You found it on level 3 of the Dungeon)

   It burns those it strikes, dealing additional fire damage.
   Str:       It affects your strength (+3).
   Int:       It affects your intelligence (+5).
   Will:      It increases your willpower.
 h - the +8 hunting sling of Cisavem {vorpal, Fly Will- Str+5}
   (You found it on level 3 of the Dungeon)

   Any ammunition fired from it inflicts extra damage upon your enemies.
   Str:       It affects your strength (+5).
   Fly:       It grants you flight.
   Will:      It decreases your willpower.
Missiles
 u - 9 sling bullets
 x - a throwing net (quivered)
Armour
 b - a +1 buckler (worn)
 l - a +0 cloak of poison resistance (worn)
Jewellery
 q - a ring of see invisible (left hand)
 t - a ring of resist corrosion
Wands
 p - a wand of iceblast (6)
 s - a wand of charming (4)
 v - a wand of flame (12)
 w - a wand of digging (4)
 y - a wand of paralysis (3)
Scrolls
 a - a scroll of holy word
 d - a scroll of amnesia
 k - a scroll of vulnerability
 n - a scroll of magic mapping
 o - a scroll of torment
Potions
 c - a potion of lignification
 f - 2 potions of resistance
 j - a potion of cancellation


   Skills:
 * Level 6.4 Fighting
 * Level 4.4(5.3) Axes
 * Level 4.2(5.1) Maces & Flails
 * Level 7.1 Slings
 * Level 1.0(4.5) Throwing
 * Level 5.5 Dodging
 * Level 4.3 Stealth
 * Level 5.4 Shields
 * Level 4.0 Spellcasting
 * Level 2.4 Summonings
 * Level 3.7 Evocations


You had 7 spell levels left.
You knew the following spells:

 Your Spells              Type           Power      Damage    Failure   Level
a - Summon Hydra          Summ           8%         N/A       100%        7
b - Call Canine Familiar  Summ           16%        N/A       24%         3

Your spell library contained the following spells:

 Spells                   Type           Power      Damage    Failure   Level
 Summon Small Mammal      Summ           64%        N/A       8%          1
 Sublimation of Blood     Necr           4%         N/A       32%         2
 Wereblood                Tmut           4%         N/A       32%         2
 Summon Guardian Golem    Hex/Summ       10%        N/A       36%         3


Dungeon Overview and Level Annotations

Branches:
Dungeon (11/15)            Temple (0/1) D:5             Orc (0/2) D:10
   Lair: D:8-11

Altars:
Ashenzari
Kikubaaqudgha
Uskayaw
Wu Jian
Yredelemnul
Zin
The Shining One
Ignis

Shops:
D:4 *[


Innate Abilities, Weirdness & Mutations

Your dull iron-grey scales are very hard. (AC +12)
You are amphibious.
You cannot fit into any form of body armour.
You are cold-blooded and may be slowed by cold attacks.
You are frail. (-10% HP)
You are somewhat resistant to further mutation.


Message History

You feel stronger.
You feel clever.
The +4 mace "Yruuge" {flame, Will+ Str+3 Int+5} bursts into flame!
e - the +4 mace "Yruuge" (weapon)
{flame, Will+ Str+3 Int+5} The green ugly thing kicks you!
It was a potion of cancellation.
You feel magically purged. The green ugly thing kicks you.
It was a potion of curing.
You feel better.
It was a potion of brilliance.
You feel clever all of a sudden.
You block the green ugly thing's attack.
It was a potion of magic.
Magic courses through your body.
The brown ugly thing closely misses you.
The green ugly thing kicks you!
It was a potion of haste.
You feel yourself speed up. The brown ugly thing engulfs you!
You are splashed with acid!
The green ugly thing kicks you.
You sock the brown ugly thing! You burn the brown ugly thing.
The brown ugly thing is lightly wounded.
The brown ugly thing engulfs you.
You are splashed with acid!
You sock the brown ugly thing! You burn the brown ugly thing.
You tail-slap the brown ugly thing.
The brown ugly thing is moderately wounded.
The green ugly thing kicks you but does no damage.
The brown ugly thing barely misses you.
You sock the brown ugly thing! You burn the brown ugly thing.
The brown ugly thing is heavily wounded.
The green ugly thing kicks you!
You are lethally poisoned!
The green ugly thing poisons you!
You hit the brown ugly thing but do no damage.
The brown ugly thing is heavily wounded.
* * * LOW HITPOINT WARNING * * *
You feel very sick. The brown ugly thing engulfs you!
* * * LOW HITPOINT WARNING * * *
The acid corrodes you!
You are splashed with acid.
* * * LOW HITPOINT WARNING * * *
The green ugly thing kicks you.
You die...
Your body rises from the dead as a mindless zombie.

#....<..## .......#.
....... .....# ..(.#
...# ####u# #..u@#
#.#### ##'###
#######+### #....#
#.........#
#....######.........#
#....'....#.........#
#....####.'.........+
#....# ###.........#
#....# ###'#######


You could see 2 ugly things.

Vanquished Creatures
  Harold (D:8)
  The ghost of bobregger the Fighter, a novice OgBe of Trog (D:5)
  Pikel (D:5)
  An ugly thing (D:7)
  A meliai (D:7)
  A fire elemental (D:8)
  A water moccasin (D:5)
  An orc warrior (D:7)
  3 ice beasts (D:7)
  A black bear (D:6)
  A hornet zombie (D:8)
  A sky beast (D:7)
  3 ogres
  A centaur (D:10)
  A lemure (D:5)
  A kobold brigand (D:6)
  2 bullfrogs (D:7)
  5 scorpions
  8 killer bees
  2 wights (D:7)
  3 vampire bats (D:7)
  A bullfrog zombie (D:7)
  2 hounds
  3 centaur zombies
  5 orc priests
  Crazy Yiuf (D:3)
  4 jellies
  A bullfrog skeleton (D:7)
  3 centaur skeletons (D:7)
  3 orc wizards
  A hound skeleton (D:4)
  A howler monkey skeleton (D:7)
  6 adders
  13 gnolls
  2 shadow imps
  3 white imps
  2 ufetubi
  An adder skeleton (D:4)
  4 worms
  A dart slug (D:3)
  13 orcs
  7 endoplasms
  A giant cockroach (D:1)
  7 goblins
  15 hobgoblins
  14 kobolds
  5 quokkas
  4 ball pythons
  14 bats
  2 frilled lizards (D:3)
  5 rats
184 creatures vanquished.

Vanquished Creatures (collateral kills)
  3 fire elementals (D:8)
  A killer bee (D:8)
  A centaur zombie (D:8)
  2 gnolls (D:7)
  An orc (D:6)
8 creatures vanquished.

Vanquished Creatures (others)
  A human zombie (D:8)
  An iguana (D:6)
  3 killer bee zombies (D:8)
  2 bat zombies (D:7)
  A kobold (D:6)
  2 orc zombies (D:10)
  15 foxfires (D:5)
25 creatures vanquished.

Grand Total: 217 creatures vanquished

Notes
Turn   | Place    | Note
-------+----------+-------------------------------------------
     0 | D:1      | NamelessAdventurer the Draconian Fighter began the quest
                  | for the Orb.
     0 | D:1      | Reached XP level 1. HP: 19/19 MP: 1/1
   224 | D:1      | Reached XP level 2. HP: 22/26 MP: 2/2
   498 | D:1      | Found a faded altar of an unknown god.
   532 | D:1      | Prayed at the altar of an unknown god.
   532 | D:1      | Became a worshipper of Ignis, the Dying Flame
  1146 | D:2      | Reached XP level 3. HP: 31/31 MP: 3/3
  2226 | D:3      | Reached XP level 4. HP: 36/39 MP: 5/5
  2242 | D:3      | Identified the +8 hunting sling of Cisavem {vorpal, Fly
                  | Will- Str+5}
  2340 | D:3      | Reached skill level 1 in Spellcasting
  2614 | D:3      | Found a runed translucent door.
  2615 | D:3      | Noticed Crazy Yiuf
  2625 | D:3      | Killed Crazy Yiuf
  2626 | D:3      | Reached skill level 1 in Stealth
  2632 | D:3      | Identified the +4 mace "Yruuge" {flame, Will+ Str+3 Int+5}
  2734 | D:3      | Found a glowing golden altar of the Shining One.
  2777 | D:3      | Reached XP level 5. HP: 46/46 MP: 6/6
  2851 | D:3      | Noticed an ogre
  2862 | D:3      | Killed an ogre
  2863 | D:3      | Reached skill level 1 in Slings
  3107 | D:3      | Reached XP level 6. HP: 52/52 MP: 8/8
  3284 | D:4      | Reached skill level 1 in Maces & Flails
  3325 | D:4      | Reached skill level 2 in Slings
  3531 | D:4      | Found Runkycw's Gadget Gallery.
  3551 | D:4      | Bought a wand of polymorph (5) for 91 gold pieces
  3628 | D:4      | Found a broken altar of Ashenzari.
  3640 | D:4      | Found an ornate altar of the Wu Jian Council.
  4013 | D:4      | Your scales start taking on a dull iron-grey colour.
  4013 | D:4      | Reached XP level 7. HP: 60/60 MP: 9/9
  4101 | D:4      | Reached skill level 3 in Slings
  4133 | D:4      | Found Suwk's Armour Emporium.
  4170 | D:5      | Entered Level 5 of the Dungeon
  4330 | D:5      | Identified the +2 hand axe "Niveogil" {holy, rC+}
  4343 | D:5      | Found a staircase to the Ecumenical Temple.
  4544 | D:5      | Reached skill level 1 in Evocations
  4547 | D:5      | Reached skill level 4 in Slings
  4670 | D:5      | Found an ancient bone altar of Kikubaaqudgha.
  4687 | D:5      | Noticed Pikel
  4717 | D:5      | Killed Pikel
  4718 | D:5      | Reached skill level 5 in Fighting
  4718 | D:5      | Reached skill level 5 in Slings
  4718 | D:5      | Reached XP level 8. HP: 16/68 MP: 11/11
  4850 | D:5      | Found a large runed translucent door.
  4850 | D:5      | Found a large runed translucent door.
  4860 | D:5      | Noticed bobregger's ghost (novice OgBe)
  5097 | D:5      | Killed bobregger's ghost
  5098 | D:5      | Reached XP level 9. HP: 57/74 MP: 13/13
  5557 | D:5      | Reached skill level 6 in Slings
  5920 | D:6      | Found a basalt altar of Yredelemnul.
  6025 | D:6      | Noticed a +0 hand axe
  6025 | D:6      | Noticed a +0 hand axe
  6030 | D:6      | Found a hide-covered altar of Uskayaw.
  6076 | D:6      | Learned a level 7 spell: Summon Hydra
  6709 | D:7      | Found a glowing silver altar of Zin.
  6834 | D:7      | Reached skill level 5 in Dodging
  6834 | D:7      | Reached skill level 5 in Shields
  7145 | D:7      | Reached skill level 1 in Summonings
  7179 | D:7      | Learned a level 3 spell: Call Canine Familiar
  7199 | D:7      | Noticed a purple ugly thing
  7204 | D:7      | Gained mutation: You are frail. (-10% HP) [potion of
                  | mutation]
  7204 | D:7      | Gained mutation: You are somewhat resistant to further
                  | mutation. [potion of mutation]
  7214 | D:7      | Killed a purple ugly thing
  7384 | D:7      | Reached XP level 10. HP: 60/74 MP: 15/15
  7567 | D:6      | Fell from the grace of Ignis
  7567 | D:6      | Became a worshipper of Yredelemnul the Dark
  7939 | D:7      | Paralysed by a hornet for 2 turns
  7954 | D:7      | Reached * piety under Yredelemnul
  8479 | D:8      | Noticed Harold
  8524 | D:8      | Reached skill level 7 in Slings
  8544 | D:8      | Killed Harold
  8555 | D:8      | Reached ** piety under Yredelemnul
  8575 | D:8      | Your ally Harold died
  8941 | D:8      | You are sucked into a shaft and drop 3 floors!
  8955 | D:10     | Entered Level 10 of the Dungeon
  9048 | D:10     | Reached skill level 1 in Throwing
  9063 | D:10     | You are sucked into a shaft and drop 3 floors!
  9256 | D:13     | Noticed a green ugly thing
  9258 | D:13     | Noticed a brown ugly thing
  9268 | D:13     | HP: 2/75 [acid (6)]
  9268 | D:13     | Slain by a green ugly thing

Illustrated notes

Levels and vault maps discovered:
D:1:      sevenhm_arrival_forest_fort_small_4, layout_basic,
          ebering_ecumenical_altar_box, chequers_garden
D:2:      layout_loops_corners, st_stairs_2
D:3:      corexii_shack_village, layout_basic, mainiacjoe_overflow_catwalk,
          uniq_crazy_yiuf_cottage
D:4:      layout_loops_ring, minitemple, serial_shops, kennysheep_mini,
          nicolae_shop_gadgets
D:5:      layout_basic, mainiacjoe_overflow_concentric_impassable,
          minmay_temple_entry_from_below_a, ebering_ghost_disaster_area,
          eino_tiny_chamber, minmay_statues_item, minivault_25, uniq_pikel
D:6:      layout_basic, mainiacjoe_overflow_chevrons, dancing_weapons_uskayaw
D:7:      hangedman_cross_stitches, layout_loops_ring,
          mainiacjoe_overflow_surrounded_room, roderic_batcave
D:8:      layout_layer_cave, gammafunk_ghost_hydra_chop, uniq_harold
D:10:     layout_basic, vehumet_altar_wand_db, orc_0_dummy, enter_bailey_2,
          nzn_sisyphean_effort
D:11:     layout_irregular_city
D:13:     layout_roguey, grunt_vaults_entry_tiered

Skill      XL: |  1  2  3  4  5  6  7  8  9 10 |
---------------+-------------------------------+-----
Dodging        | 3 4 5 |  5.5
Axes           | 3 4 |  4.4
Spellcasting   | 1 2 3 4 |  4.0
Stealth        | 1 2 3 4 |  4.3
Fighting       | 4 5 6 |  6.4
Slings         | 1 2 5 6 7 |  7.1
Maces & Flails | 1 2 3 4 |  4.2
Shields        | 4 5 |  5.4
Evocations     | 1 2 3 |  3.7
Summonings     | 1 2 |  2.4
Throwing       | 1 |  1.0

Action                   |  1- 3 |  4- 6 |  7- 9 | 10-12 || total
-------------------------+-------+-------+-------+-------++-------
Melee: War axe           |   130 |    16 |       |       ||   146
       Tailslap          |    10 |     3 |    19 |     7 ||    39
       Mace              |       |    15 |    16 |    60 ||    91
       Hand axe          |       |       |   144 |       ||   144
 Fire: Hunting sling     |       |    72 |    92 |    33 ||   197
Throw: Throwing net      |       |       |       |     2 ||     2
 Cast: Call Canine Famil |       |       |       |     2 ||     2
Invok: Fiery Armour      |       |     1 |     4 |       ||     5
       Foxfire Swarm     |       |       |     1 |       ||     1
       Rising Flame      |       |       |       |     1 ||     1
Evoke: Wand              |       |       |    11 |     9 ||    20
  Use: Scroll            |     6 |     2 |     3 |     7 ||    18
       Potion            |       |       |     7 |     9 ||    16
 Stab: Distracted        |     1 |       |       |       ||     1
       Held in net/web   |       |       |       |     1 ||     1
Armor: Skin              |    51 |    11 |    80 |    46 ||   188
Dodge: Dodged            |    92 |    17 |   117 |    63 ||   289
Block: Buckler           |    34 |     5 |    62 |    30 ||   131
